 Dungeon Crawl Stone Soup version 0.24-a0-208-g17bec22d17 (webtiles) character file.

Game seed: 16894048342616572670

2351 Flugkiller the Spear-Bearer (level 9, -15/98 HPs)
             Began as an Ogre Chaos Knight on Mar 29, 2019.
             Was a Plaything of Xom.
             Demolished by an orc warlord
             ... wielding a +0 broad axe
              (33 damage)
             ... in a bailey.
             The game lasted 00:17:22 (8457 turns).

Flugkiller the Spear-Bearer (Ogre Chaos Knight)     Turns: 8457, Time: 00:17:23

Health: -15/98     AC:  8    Str: 18    XL:     9   Next: 43%
Magic:  9/9        EV: 12    Int: 16    God:    Xom [......]
Gold:   347        SH:  3    Dex: 13    Spells: 8/8 levels left

rFire    + . .     SeeInvis +   a - +0 spear (chaos)
rCold    . . .     Gourm    .   (no shield)
rNeg     . . .     Faith    .   b - +2 robe
rPois    .         Spirit   .   (helmet restricted)
rElec    .         Reflect  +   (no cloak)
rCorr    .         Harm     .   (gloves unavailable)
MR       .....                  (boots unavailable)
Stlth    +.........             j - +3 amulet of reflection
HPRegen  0.26/turn              f - +5 ring of dexterity
MPRegen  0.11/turn              l - +3 ring of protection

@: berserk cooldown, slowed, very slow
A: large, unfitting armour, horns 1, see invisible, fire resistance 1, tough
skin 1
a: Renounce Religion


You were in a bailey.
You worshipped Xom.
You were a very special plaything of Xom.
You were not hungry.

You visited 1 branch of the dungeon, and saw 7 of its levels.
You also visited: Bailey.

You collected 431 gold pieces.
You spent 84 gold pieces at shops.

Inventory:

Hand Weapons
 a - a +0 spear of chaos (weapon)
 n - a +1 trident
   (You bought it in a shop on level 4 of the Dungeon)
 q - the +5 dagger of Gozag's Approval {pierce, Str+5, unknown}
   (You found it on level 4 of the Dungeon)

   It inflicts extra damage upon your enemies.
   It affects your strength (+5).
Missiles
 C - 20 tomahawks of returning (quivered)
Armour
 b - a +2 robe (worn)
 o - a +0 large shield
   (You found it on level 4 of the Dungeon)
Jewellery
 e - an uncursed amulet of the acrobat {unknown}
   (You found it on level 5 of the Dungeon)
 f - a +5 ring of dexterity (left hand)
   (You found it on level 4 of the Dungeon)
 j - a +3 amulet of reflection (around neck)
   (You found it on level 3 of the Dungeon)
 l - a +3 ring of protection (right hand)
   (You found it on level 3 of the Dungeon)
 r - an uncursed ring of ice
   (You found it on level 4 of the Dungeon)
 v - an uncursed amulet of harm {unknown}
   (You found it on level 5 of the Dungeon)
 y - an uncursed ring of protection from cold
   (You found it on level 6 of the Dungeon)
 z - an uncursed amulet of rage {unknown}
   (You found it on level 6 of the Dungeon)
Wands
 u - a wand of flame (12)
   (You took it off Pikel on level 5 of the Dungeon)
 x - a wand of acid (8)
   (You found it on level 5 of the Dungeon)
Scrolls
 i - 5 scrolls of teleportation
 k - a scroll of fog
 s - a scroll of remove curse
 A - a scroll of brand weapon {unknown}
 B - 2 scrolls of magic mapping
 F - a scroll of enchant weapon
 G - a scroll of enchant armour {unknown}
 I - a scroll of blinking
Potions
 d - 2 potions of might
 g - a potion of magic
 h - a potion of berserk rage
 m - a potion of invisibility
 t - a potion of degeneration {unknown}
 w - 2 potions of haste {unknown}
 E - a potion of brilliance {unknown}
 H - a potion of agility {unknown}
Comestibles
 c - 19 rations


   Skills:
 - Level 9.1 Fighting
 + Level 9.6 Polearms
 - Level 5.5 Dodging


You had 8 spell levels left.
You didn't know any spells.
Your spell library was empty.

Dungeon Overview and Level Annotations

Branches:
Dungeon (7/15)             Temple (0/1) D:4

Altars:
Dithmenos
Ru
Sif Muna
Trog
Xom

Shops:
D:4 *?(*   D:5 *   D:6 [

Annotations:
D:4 exclusion: downstairs


Innate Abilities, Weirdness & Mutations

You are too large for most types of armour.
You have tough skin. (AC +1)
You have a pair of small horns on your head.
You have supernaturally acute eyesight. (SInv)
Your flesh is heat resistant. (rF+)


Message History

You are confused.
The orc warlord hits you with a +0 broad axe!!
You puncture the orc warlord!
Nothing appears to happen.
Your headbutt misses the orc warlord.
The orc warlord is severely wounded.
Unknown command.
You bump into the stone wall.
The orc warlord hits you with a +0 broad axe.
Unknown command.
You're too confused to move!
You feel a strong urge to attack something.
The orc warlord is no longer covered in acid.
The orc warlord hits you with a +0 broad axe!!
Unknown command.
You hit the orc warlord. Your headbutt misses the orc warlord.
The orc warlord is severely wounded.
Unknown command.
You miss the orc warlord. Your headbutt misses the orc warlord.
The orc warlord is severely wounded.
The orc warlord hits you with a +0 broad axe!
* * * LOW HITPOINT WARNING * * *
You puncture the orc warlord!
The orc warlord is severely wounded.
Unknown command.
You bump into the stone wall.
The orc warlord hits you with a +0 broad axe!!
* * * LOW HITPOINT WARNING * * *
You bump into the stone wall.
You feel a strong urge to attack something.
The orc warlord hits you with a +0 broad axe.
* * * LOW HITPOINT WARNING * * *
You hit the orc warlord but do no damage.
You headbutt the orc warlord!
The orc warlord is almost dead.
Unknown command.
You bump into the stone wall.
The orc warlord closely misses you.
Unknown command.
You nearly stumble into some deep water!
You feel a strong urge to attack something.
You are no longer berserk.
You are exhausted.
You feel yourself slow down. The orc warlord misses you.
Unknown command.
You feel better.
The orc warlord hits you with a +0 broad axe!
* * * LOW HITPOINT WARNING * * *
The orc warlord hits you with a +0 broad axe!!
You die...
Xom titters!

..÷.####...####......##
..[##≈≈#####≈≈##....##♣
..[#≈)?8...8!|≈#...##.♣
##'#≈.........≈#'###..♣♣
≈≈.#≈..8...8..≈#.≈≈≈...♣
≈≈.##.........##.≈≈≈...♣*
≈≈.#≈....∩....≈#.≈≈≈...∩*
≈≈.#≈.........≈#.≈≈≈(..♣*
≈≈.#≈≈.8...8.≈≈#@≈≈≈((.♣
##[###.......###o###(.♣♣
....#≈.8...8.≈#....##.♣
....#≈≈≈≈≈≈≈≈≈#.....##♣
....####)≈≈####......##
8......#)''#......8...#
......................#
......................#
8..8..[........8..8..##


You could see an orc warlord.

Vanquished Creatures
  Pikel (D:5)
  A rime drake (shapeshifter) (Bailey)
  Edmund (D:4)
  An ice beast (D:7)
  2 orc warriors (Bailey)
  5 ogres
  A phantom (D:5)
  5 killer bees
  A crimson imp (D:7)
  2 hounds
  An orc wizard (D:2)
  2 orc priests
  3 iguanas
  2 worker ants (D:6)
  A hound zombie (D:5)
  A gnoll (Bailey)
  3 adders
  An ooze (D:4)
  An adder zombie (D:5)
  2 worms
  2 dart slugs (D:1)
  2 leopard geckos (D:1)
  17 orcs
  2 ball pythons
  12 bats
  4 giant cockroaches
  8 goblins
  7 hobgoblins
  19 kobolds
  2 quokkas
  4 frilled lizards
  11 rats
127 creatures vanquished.

Vanquished Creatures (collateral kills)
  An orc wizard (D:7)
  2 orcs (D:7)
3 creatures vanquished.

Vanquished Creatures (others)
  2 slaves (D:5)
  A sky beast (D:5)
  An ogre (D:5)
  A killer bee (D:5)
  A centaur zombie (D:5)
  A leopard gecko (D:5)
  4 orcs (D:6)
  A kobold (Bailey)
12 creatures vanquished.

Grand Total: 142 creatures vanquished

Notes
Turn   | Place    | Note
-------+----------+-------------------------------------------
     0 | D:1      | Flugkiller the Ogre Chaos Knight began the quest for the
                  | Orb.
     0 | D:1      | Reached XP level 1. HP: 24/24 MP: 1/1
    75 | D:1      | Reached XP level 2. HP: 32/32 MP: 2/2
   265 | D:1      | Reached XP level 3. HP: 35/40 MP: 3/3
   600 | D:1      | XOM: butterfly on damage
   682 | D:1      | XOM: harmless Necr miscast
   732 | D:2      | Reached skill level 5 in Fighting
   769 | D:2      | XOM: medium Summ miscast
   770 | D:2      | Noticed a small abomination
   770 | D:2      | Noticed a small abomination
   770 | D:2      | Noticed a small abomination
   770 | D:2      | XOM: butterfly on damage
   802 | D:3      | XOM: harmless Necr miscast
  1136 | D:2      | XOM: harmless Tloc miscast
  1199 | D:2      | Reached XP level 4. HP: 36/50 MP: 4/4
  1640 | D:2      | Reached XP level 5. HP: 39/59 MP: 5/5
  1897 | D:3      | Noticed an ogre
  1900 | D:3      | XOM: potion effect (might)
  1906 | D:3      | Killed an ogre
  2575 | D:4      | Found a staircase to the Ecumenical Temple.
  2601 | D:4      | Reached XP level 6. HP: 52/68 MP: 6/6
  2716 | D:4      | XOM: potion effect (curing)
  2756 | D:4      | Found Wenumiro's Weapon Boutique.
  2765 | D:4      | Bought a +0 trident for 42 gold pieces
  2911 | D:4      | Found Gasoaf's General Store.
  3008 | D:4      | Found Qeitodu's Assorted Antiques.
  3009 | D:4      | Got a polished dagger
  3026 | D:4      | Found Uriol's Magic Scroll Shoppe.
  3103 | D:4      | XOM: harmless Air miscast
  3218 | D:4      | XOM: cloud trail
  3296 | D:4      | Reached skill level 5 in Polearms
  3338 | D:4      | XOM: cloud trail
  3456 | D:5      | Entered Level 5 of the Dungeon
  3483 | D:5      | Noticed Edmund
  3540 | D:4      | XOM: potion effect (brilliance)
  3549 | D:4      | XOM: potion effect (agility)
  3552 | D:4      | XOM: swap monsters
  4004 | D:4      | Found Uriol's Magic Scroll Shoppe.
  4075 | D:4      | XOM: summons 3 hostile demons
  4076 | D:4      | Noticed an ice devil
  4108 | D:4      | XOM: summons 3 hostile demons
  4109 | D:4      | Noticed a sun demon
  4112 | D:4      | XOM: butterfly on damage
  4113 | D:4      | HP: 3/68 [sun demon[Xom] (19)]
  4114 | D:4      | Found Gasoaf's General Store.
  4149 | D:4      | XOM: summons 3 hostile demons
  4150 | D:4      | XOM: smoke on damage
  4296 | D:4      | XOM: harmless Necr miscast
  4447 | D:4      | Found Wenumiro's Weapon Boutique.
  4513 | D:4      | Found a staircase to the Ecumenical Temple.
  4570 | D:4      | Killed Edmund
  4570 | D:4      | Reached XP level 7. HP: 56/78 MP: 7/7
  4656 | D:4      | XOM: stat loss: -1 Str (16/17)
  4759 | D:5      | XOM: smoke on damage
  4819 | D:4      | Noticed a blink frog
  4819 | D:4      | an ogre changed into a blink frog
  4819 | D:4      | XOM: polymorph ogre -> blink frog
  4890 | D:5      | XOM: god gift: blowgun {god gift}
  5077 | D:4      | Bought a scroll of remove curse for 42 gold pieces
  5096 | D:4      | XOM: divination: magic mapping
  5368 | D:5      | Found a deep blue altar of Sif Muna.
  5370 | D:5      | XOM: cleaving
  5371 | D:5      | Found a sacrificial altar of Ru.
  5371 | D:5      | XOM: 6-stop teleportation journey
  5399 | D:5      | Found a shimmering altar of Xom.
  5399 | D:5      | Found a bloodstained altar of Trog.
  5399 | D:5      | Found a shimmering altar of Xom.
  5399 | D:5      | Found a deep blue altar of Sif Muna.
  5399 | D:5      | Found a shadowy altar of Dithmenos.
  5399 | D:5      | Found a white marble altar of Elyvilon.
  5399 | D:5      | XOM: 4-stop teleportation journey
  5446 | D:5      | Found a bloodstained altar of Trog.
  5483 | D:5      | Noticed Pikel
  5496 | D:5      | XOM: confuse monster(s)
  5512 | D:5      | XOM: scenery: create altars
  5514 | D:5      | Killed Pikel
  5514 | D:5      | Reached skill level 5 in Dodging
  5514 | D:5      | Reached XP level 8. HP: 61/92 MP: 8/8
  5619 | D:5      | XOM: 2-stop teleportation journey
  5759 | D:5      | XOM: scenery: create altars
  5764 | D:5      | XOM: polymorph sky beast -> iguana
  5814 | D:5      | Found Hoasiyck's Assorted Antiques.
  5814 | D:5      | XOM: 7-stop teleportation journey
  5865 | D:5      | XOM: harmless Tloc miscast
  6206 | D:5      | XOM: give mutations
  6206 | D:5      | Gained mutation: Your flesh is heat resistant. (rF+) [Xom's
                  | grace]
  6206 | D:5      | Gained mutation: You have supernaturally acute eyesight.
                  | (SInv) [Xom's grace]
  6206 | D:5      | Gained mutation: You have a pair of small horns on your
                  | head. [Xom's grace]
  6737 | D:6      | XOM: god gift: 22 sling bullets
  6739 | D:6      | XOM: god gift: pair of runed gloves {god gift}
  6759 | D:6      | XOM: destruction
  6792 | D:6      | XOM: god gift: 5 large rocks
  6929 | D:6      | XOM: scenery: create altars
  6993 | D:6      | XOM: butterfly on damage
  6994 | D:6      | Found Igof's Armour Emporium.
  6994 | D:6      | XOM: 6-stop teleportation journey
  7177 | D:6      | Reached XP level 9. HP: 94/98 MP: 9/9
  7284 | D:6      | XOM: god gift: 4 rations
  7540 | D:7      | XOM: summons 3 hostile shadow creatures
  7571 | D:7      | Found a flagged portal.
  7677 | Bailey   | Entered a bailey
  7691 | Bailey   | Noticed an orc warlord
  7740 | Bailey   | Noticed a rime drake
  7740 | Bailey   | a shapeshifter changed into a rime drake
  7744 | Bailey   | XOM: swap monsters
  7747 | Bailey   | Killed a rime drake
  8102 | Bailey   | Found a runed translucent gate.
  8104 | Bailey   | Found a runed translucent gate.
  8105 | Bailey   | Found a runed translucent gate.
  8214 | Bailey   | XOM: summons 1 hostile demon
  8370 | Bailey   | XOM: medium Hex miscast
  8445 | Bailey   | XOM: confusion
  8457 | Bailey   | Demolished by an orc warlord

Levels and vault maps discovered:
D:1:      dpeg_arrival_rooms_c, layout_rooms
D:2:      layout_loops_ring
D:3:      layout_loops_ring
D:4:      layout_loops_corners, minmay_temple_entry_hall, serial_shops,
          nicolae_shop_stone, shop_fountains, shop, kennysheep_mini_moat,
          first_ration
D:5:      layout_loops_ring, bloody_trog, grunt_temple_overflow_open,
          serial_shops, nicolae_shop_statue_plus,
          hangedman_abyss_or_decor_slice, st_stairs_14, doesnt_xom_only_xom,
          uniq_edmund, uniq_pikel
D:6:      layout_rooms, serial_shops, nicolae_shop_stone
D:7:      layout_basic, lemuel_round_altar, nicolae_overflow_hidden_temple,
          enter_bailey_2
Bailey:   bailey_axe_bossmonster_kennysheep, bailey

Skill      XL: |  1  2  3  4  5  6  7  8  9 |
---------------+----------------------------+-----
Polearms       | 4 5 7 9 |  9.6
Fighting       | 5 6 7 9 |  9.1
Dodging        | 3 4 5 |  5.5

Action                   |  1- 3 |  4- 6 |  7- 9 || total
-------------------------+-------+-------+-------++-------
Melee: Spear             |   128 |   169 |   317 ||   614
       Headbutt          |       |       |    32 ||    32
Throw: Tomahawk          |       |       |    14 ||    14
Evoke: Wand              |       |       |     8 ||     8
  Use: Scroll            |     2 |     8 |     4 ||    14
       Potion            |       |     2 |     4 ||     6
 Stab: Paralysed         |     3 |     7 |     8 ||    18
       Sleeping          |     1 |     1 |     2 ||     4
       Petrifying        |       |     1 |     2 ||     3
       Confused          |       |       |     2 ||     2
       Distracted        |       |       |     1 ||     1
  Eat: Chunk             |     1 |     8 |     5 ||    14
       Ration            |       |     1 |     2 ||     3
Armor: Robe              |    56 |    36 |    73 ||   165
Dodge: Dodged            |    51 |    72 |   150 ||   273
Block: Other             |       |    13 |    35 ||    48
       Large shield      |       |     1 |    19 ||    20
       Reflection        |       |       |    10 ||    10

Table legend:
 A = Non-vault XP
 B = Vault XP
 C = Vault XP percentage of total XP
 D = Non-vault monster count
 E = Vault monster count
 F = Vault count percentage of total count
                 A         B        C        D         E       F
            +---------+---------+-------+---------+---------+-------
      Total |    1702 |    1657 |  49.3 |     103 |      29 |  22.0
            +---------+---------+-------+---------+---------+-------
        D:1 |      57 |       0 |   0.0 |      30 |       0 |   0.0
        D:2 |     117 |       0 |   0.0 |      14 |       0 |   0.0
        D:3 |     140 |       0 |   0.0 |      12 |       0 |   0.0
        D:4 |     204 |     176 |  46.3 |      10 |       1 |   9.1
        D:5 |     479 |     762 |  61.4 |      19 |       2 |   9.5
        D:6 |     512 |       0 |   0.0 |      11 |       0 |   0.0
        D:7 |     193 |       0 |   0.0 |       7 |       0 |   0.0
     Bailey |       0 |     719 | 100.0 |       0 |      26 | 100.0
            +---------+---------+-------+---------+---------+-------
